Selects Special Operations Battlegroup
Selects M29 Weasel Recon Vehicle
Construct Weapon Support Center
M3 Armored Personnel Carrier
M3 Armored Personnel Carrier
Construct Medical Station
Selects SSF Commando Squad
Selects P-47 Anti-Infantry Loiter
Improved M9 Bazooka Rockets
P-47 Anti-Infantry Loiter
Selects UNKNOWN (2162291)
M18 Hellcat Tank Destroyer
Selects Air Re-supply Operation
P-47 Anti-Infantry Loiter
M18 Hellcat Tank Destroyer
P-47 Anti-Infantry Loiter
M18 Hellcat Tank Destroyer